Unix NetHack Version 5.0.0-0 post-release - last build May 23 2026 06:08:33 (1c0ff79ee797540d5714e4e18072db0edd9e58ae,branch:main).

Game began 2026-05-24 01:59:40, ended 2026-05-24 02:24:14.

Haxasaurus, lawful female dwarven Valkyrie

      ---------                                            ---------------
      |.......|                                            ..............|
      |.......|         ------------                       |e............|
      |........#######  |..........|                       |@..f.........|
      |......>|      ###...........|#############0         |q............|
      |........#####    |..........-###     -----|-----  *#-.....`.......|
      ---------         |......<...|  #     |.........|####---------------
                        ------------  #     |..........%
                                      ##    |.........|
                                       ##   |.........|
                                        ##  |.........|
                                         ###..........|
                                            -----------

Haxasaurus the Skirmisher   St:18/02 Dx:13 Co:19 In:7 Wi:10 Ch:8  Lawful
Dlvl:6  $:140 HP:0(67) Pw:11(11) AC:-2 Xp:5/224 T:2889  Burdened

Latest messages:
 The rothe bites!
 [HP -2, 42 left]
 The rothe misses!
 The rothe hits!
 [HP -1, 41 left]
 The rothe bites!
 [HP -1, 40 left]
 The rothe bites again!
 [HP -6, 34 left]
 The rothe hits!
 [HP -2, 33 left]
 The rothe bites!
 [HP -2, 31 left]
 The rothe bites again!
 [HP -2, 29 left]
 The rothe hits!
 [HP -1, 28 left]
 The rothe bites!
 [HP -1, 27 left]
 The rothe bites again!
 [HP -1, 26 left]
 The rothe hits!
 [HP -2, 25 left]
 The rothe misses!
 The rothe bites!
 [HP -7, 18 left]
 The rothe hits!
 [HP -1, 18 left]
 The rothe bites!
 [HP -1, 17 left]
 The rothe bites again!
 [HP -3, 14 left]
 The rothe misses!
 The rothe bites!
 [HP -1, 13 left]
 The rothe bites again!
 [HP -5, 8 left]
 The rothe hits!
 [HP -2, 7 left]
 The rothe misses!
 The rothe bites!
 [HP -6, 1 left]
 The rothe hits!
 [HP -2, -1 left]
 You die...
 Do you want your possessions identified? y
 Do you want to see your attributes? n
 Do you want an account of creatures vanquished? [ynaq] (y) n
 Do you want to see your conduct and achievements? n
 Do you want to see the dungeon overview? n

Inventory:
 Coins    ('$')
  $ - 140 gold pieces
 Weapons  (')')
  b - a blessed +0 dagger (alternate weapon; not wielded)
  x - a +0 dagger
  a - a blessed +1 dwarvish spear (weapon in right hand)
  n - a corroded +0 knife
  u - a +0 orcish dagger (at the ready)
 Armor    ('[')
  t - an uncursed +0 orcish helm (being worn)
  c - an uncursed +3 small shield (being worn)
  e - an uncursed +0 plate mail (being worn)
 Comestibles  ('%')
  h - an uncursed carrot
  d - 2 uncursed food rations
  v - an uncursed food ration
  l - an uncursed tin of smoked newt meat
 Scrolls  ('?')
  z - an uncursed scroll of identify
  j - an uncursed scroll of light
  r - an uncursed scroll of magic mapping
  A - an uncursed scroll of scare monster
 Spellbooks  ('+')
  o - an uncursed spellbook of detect monsters
  F - an uncursed spellbook of detect monsters
 Potions  ('!')
  g - 2 blessed potions of booze
  i - an uncursed potion of enlightenment
  B - an uncursed potion of gain energy
  p - 5 uncursed potions of healing
  E - an uncursed potion of levitation
  C - an uncursed potion of monster detection
  w - an uncursed potion of restore ability
  s - an uncursed potion of sleeping
 Tools    ('(')
  G - an uncursed mirror
  H - an uncursed skeleton key
 Gems/Stones  ('*')
  m - 2 uncursed jet stones
  k - an uncursed worthless piece of orange glass

Haxasaurus the Valkyrie's attributes:

Background:
 You were a Skirmisher, a level 5 dwarven Valkyrie.
 You were lawful, nominally on a mission for Tyr
 who was opposed by Odin (neutral) and Loki (chaotic).
 You were right-handed.
 You were in the Dungeons of Doom, on level 6.
 You entered the dungeon 2889 turns ago.
 It was nighttime.
 You had 224 experience points, 96 more were needed to attain level 6.

Basics:
 You had 0 out of 67 hit points.
 You had all 11 energy points (spell power).
 Your armor class was -2.
 Your wallet contained 140 zorkmids.
 Autopickup was on for '$"=/!?' plus thrown, with exceptions.

Final Characteristics:
 Your strength was 18/02 (limit:18/100).
 Your dexterity was 13 (limit:20).
 Your constitution was 19 (limit:20).
 Your intelligence was 7 (limit:16).
 Your wisdom was 10 (limit:16).
 Your charisma was 8 (limit:16).

Final Status:
 You weren't hungry.
 You were burdened; movement was slightly slowed.
 You were wielding a spear.
 You had basic skill with spear.

Final Attributes:
 You were piously aligned.
 You were cold resistant.
 You were poison resistant.
 You had infravision.
 You were stealthy.
 You were guarded.
 You are dead.

Miscellaneous:
 You didn't encounter any bones levels.
 Total elapsed playing time was 24 minutes and 34 seconds.

Major events:
 Turn
    1: Haxasaurus the lawful dwarven Valkyrie entered the dungeon
  888: attained the rank of Skirmisher (level 3)
  989: entered the Gnomish Mines
 2889: killed by a rothe, while frozen by a floating eye's gaze

You didn't know any spells.

Skills:
 Fighting Skills
   bare handed combat [Unskilled]
   two weapon combat  [Unskilled]
   riding             [Unskilled]
 Weapon Skills
   dagger             [Basic]
   axe                [Unskilled]
   pick-axe           [Unskilled]
   short sword        [Unskilled]
   broadsword         [Unskilled]
   long sword         [Unskilled]
   two-handed sword   [Unskilled]
   saber              [Unskilled]
   hammer             [Unskilled]
   quarterstaff       [Unskilled]
   polearms           [Unskilled]
   spear              [Basic]
   trident            [Unskilled]
   lance              [Unskilled]
   sling              [Unskilled]
 Spellcasting Skills
   attack spells      [Unskilled]
   escape spells      [Unskilled]

Voluntary challenges:
 Character rerolling was not enabled.
 You were an atheist.
 You were illiterate.
 You never genocided any monsters.
 You never polymorphed an object.
 You never changed form.
 You used no wishes.
Achievements:
 You attained the rank of Skirmisher.
 You entered the Gnomish Mines.

 The Dungeons of Doom: levels 1 to 7
    Level 1:
       Some fountains.
    Level 2:
    Level 3:
       Some fountains.
       Stairs down to The Gnomish Mines.
    Level 4: "closed shop"
       A sink.
    Level 5: "vault"
       A throne.
    Level 6: <- You were here.
       Final resting place for
          you, killed by a rothe, while frozen by a floating eye's gaze.
    Level 7:
 The Gnomish Mines:
    Level 4:


Vanquished creatures:
  a leprechaun
  a water nymph
 an orc shaman
  a rock piercer
  a rock mole
  a yellow light
  a kobold mummy
  2 straw golems
  a homunculus
  3 monkeys
  2 orc zombies
 an iguana
  3 acid blobs
  2 coyotes
  2 hobbits
  2 manes
  a giant rat
  a cave spider
  a gnome
  a gnome zombie
  4 geckos
 10 jackals
  a fox
  a kobold
  a goblin
  a sewer rat
  5 grid bugs
  4 lichens
  a kobold zombie
  7 newts
64 creatures vanquished.

No species were genocided or became extinct.

Game over:
                       ----------
                      /          \
                     /    REST    \
                    /      IN      \
                   /     PEACE      \
                  /                  \
                  |    Haxasaurus    |
                  |      140 Au      |
                  |   killed by a    |
                  |      rothe       |
                  |                  |
                  |                  |
                  |       2026       |
                 *|     *  *  *      | *
        _________)/\\_//(\/(/\)/\//\/|_)_______

Farvel Haxasaurus the Valkyrie...

You died in The Dungeons of Doom on dungeon level 6 with 1322 points,
and 140 pieces of gold, after 2889 moves.
You were level 5 with a maximum of 67 hit points when you died.

